 Dungeon Crawl Stone Soup version 0.23.2-1-ga50397a (webtiles) character file.

Game seed: 14247166498376438421

4268 TheAlmogaver the Magician (level 10, -7/63 HPs)
             Began as an Octopode Wizard on Apr 23, 2019.
             Was a Believer of Vehumet.
             Killed from afar by an electric eel (14 damage)
             ... with a bolt of electricity
             ... on level 9 of the Dungeon.
             The game lasted 01:17:17 (10904 turns).

TheAlmogaver the Magician (Octopode Wizard)        Turns: 10904, Time: 01:17:18

Health: -7/63      AC:  2    Str: 13    XL:     10   Next: 31%
Magic:  20/29      EV: 14    Int: 30    God:    Vehumet [**....]
Gold:   463        SH:  0    Dex: 11    Spells: 7/22 levels left

rFire    . . .     SeeInvis .   C - +1 flail "Erphezxaf" {venom, Str+6 Int+7}
rCold    . . .     Gourm    .   (no shield)
rNeg     . . .     Faith    .   a - +1 hat
rPois    .         Spirit   .   q - amulet of magic regeneration
rElec    .         Reflect  .   y - ring of magical power
rCorr    .         Harm     .   (no ring)
MR       .....                  (no ring)
Stlth    ++++......             (no ring)
HPRegen  0.20/turn              (no ring)
MPRegen  0.46/turn              (no ring)
                                (no ring)
                                (no ring)

@: no status effects
A: almost no armour, stealthy swim, amphibious, 8 rings, constrict 8, camouflage
1, gelatinous body 1
a: Renounce Religion


You were on level 9 of the Dungeon.
You worshipped Vehumet.
Vehumet was pleased with you.
You were not hungry.

You visited 2 branches of the dungeon, and saw 10 of its levels.
You also visited: Sewer.

You collected 463 gold pieces.

Inventory:

Hand Weapons
 d - a +0 short sword
 g - a +2 dagger of draining
 i - a +0 dagger of speed
 j - a +2 quarterstaff of chaos
 v - a +2 dagger of pain
 x - a +3 morningstar
 C - the +1 flail "Erphezxaf" (weapon) {venom, Str+6 Int+7}
   (You found it on level 8 of the Dungeon)

   It poisons the flesh of those it strikes.
   It affects your strength (+6).
   It affects your intelligence (+7).
Armour
 a - a +1 hat (worn)
Jewellery
 q - an amulet of magic regeneration (around mantle)
 y - a ring of magical power (left tentacle)
Wands
 k - a wand of random effects (10)
 l - a wand of acid (7)
 o - a wand of polymorph (5)
Scrolls
 b - 3 scrolls of teleportation
 f - a scroll of amnesia
 m - 4 scrolls of remove curse
 u - a scroll of enchant armour
 w - a scroll of acquirement {unknown}
 z - a scroll of identify
 B - a scroll of enchant weapon
Potions
 e - a potion of invisibility
 h - 3 potions of cancellation
 n - 3 potions of flight
 p - 2 potions of haste
 r - 3 potions of heal wounds
 s - 2 potions of resistance
 t - 2 potions of agility
 A - a potion of curing
Comestibles
 c - 15 rations


   Skills:
 + Level 3.3 Fighting
 - Level 3.9 Dodging
 - Level 5.0 Stealth
 + Level 6.7 Spellcasting
 + Level 6.2 Conjurations
 + Level 5.2 Summonings
 - Level 1.0 Translocations
 + Level 4.6 Fire Magic
 * Level 5.4 Air Magic
 - Level 4.6 Poison Magic


You had 7 spell levels left.
You knew the following spells:

 Your Spells              Type           Power        Failure   Level  Hunger
a - Magic Dart            Conj           ####         1%          1    None
b - Blink                 Tloc           N/A          4%          2    None
c - Call Imp              Summ           #####...     1%          2    None
d - Conjure Flame         Conj/Fire      #####...     1%          3    None
e - Mephitic Cloud        Conj/Pois/Air  #####...     1%          3    None
f - Summon Lightning Spi  Summ/Air       #####...     5%          4    ##.....

Your spell library contained the following spells:

 Spells                   Type           Power        Failure   Level  Hunger
 Throw Frost              Conj/Ice       ####..       1%          2    None
 Flame Tongue             Conj/Fire      #####        1%          1    None
 Summon Small Mammal      Summ           ####         1%          1    None
 Call Canine Familiar     Summ           #####...     1%          3    None
 Summon Guardian Golem    Hex/Summ       ####....     4%          3    None
 Slow                     Hex            ##......     8%          2    None
 Summon Ice Beast         Ice/Summ       ####....     17%         4    ##.....
 Cause Fear               Hex            ##........   43%         4    ##.....
 Bolt of Fire             Conj/Fire      #####.....   63%         6    ######.
 Dragon Form              Tmut           ##........   100%        7    #######
 Dragon's Call            Summ           #####.....   100%        9    #######


Dungeon Overview and Level Annotations

Branches:
Dungeon (9/15)             Temple (1/1) D:7
   Lair: D:8-11         Orc: D:9-12

Altars:
Ashenzari
Cheibriados
Dithmenos
Elyvilon
Fedhas
Gozag
Hepliaklqana
Kikubaaqudgha
Makhleb
Nemelex Xobeh
Okawaru
Qazlal
Ru
Trog
Uskayaw
Vehumet
Wu Jian
Xom
Yredelemnul
Zin
The Shining One

Shops:
D:5 ?   D:8 ?


Innate Abilities, Weirdness & Mutations

You cannot wear most types of armour.
You are very stealthy in the water. (Stealth+)
You are amphibious.
You can wear up to eight rings at the same time.
You can use your tentacles to constrict eight enemies at once.
Your skin changes colour to match your surroundings (Stealth+).
Your rubbery body absorbs attacks. (AC +1, EV +1)


Message History

The stinking cloud engulfs the electric eel but does no damage.
The electric eel is severely wounded.
The stinking cloud engulfs the electric eel but does no damage.
The electric eel is lightly wounded.
Your white imp gestures at the electric eel.
The puff of frost hits the electric eel!
The electric eel dies!
Vehumet accepts your kill.
You hear a splash.
The electric eel shoots out a bolt of lightning at you!
The bolt of electricity hits you!
* * * LOW HITPOINT WARNING * * *
The bolt of electricity hits you.
* * * LOW HITPOINT WARNING * * *
The electric eel is engulfed in noxious fumes.
The electric eel shoots out a bolt of lightning at you!
The bolt of electricity hits your iron imp.
Your iron imp resists.
The bolt of electricity hits you!
You die...

#. #. ####.# .
.#.....########### #.
.......))÷)))..).### #.#
.......##..[[))....#####.#
.......##)######)(......###
....#.............(.###.##
...##.##§@######..........
.........5.....#...†#####.
......≈.≈......####.# ##
#....≈.≈.○5..≈..# #.# ##
#....≈.≈≈§☼°≈...# ##.#####.
#..≈≈≈≈.≈5;☼≈...# #........
....≈≈≈≈≈≈≈;≈≈..# #........
.≈≈≈≈≈≈≈≈≈≈≈≈# #..###.##
≈≈.≈.≈.≈≈≈≈≈# #.......8


You could see 2 electric eels, a friendly iron imp, a friendly crimson imp and a
friendly white imp.

Vanquished Creatures
  Pikel (D:6)
  Prince Ribbit (D:5)
  A hornet (D:8)
  Eustachio (D:6)
  An orc warrior (D:9)
  2 sky beasts
  2 ogres
  A phantom (D:8)
  2 centaurs
  A wolf (D:9)
  A big kobold (Sewer)
  A killer bee (D:9)
  A bullfrog zombie (D:5)
  A crimson imp (D:8)
  3 hounds
  A jelly (D:5)
  2 quasits
  3 bullfrog skeletons
  An orc priest (D:8)
  2 orc wizards
  An iguana (D:8)
  Jessica (D:3)
  A worker ant (D:8)
  A hound skeleton (D:8)
  A hound zombie (D:6)
  2 gnolls (D:5)
  10 adders
  A shadow imp (D:7)
  An ooze (D:2)
  An adder zombie (D:6)
  3 worms
  2 dart slugs (D:1)
  6 leopard geckos
  12 orcs
  6 giant cockroaches
  5 hobgoblins
  13 jackals
  2 quokkas
  2 ball pythons (D:3)
  7 bats
  4 frilled lizards
  9 goblins
  13 kobolds
  5 rats
138 creatures vanquished.

Vanquished Creatures (collateral kills)
  Joseph (D:8)
  Psyche (D:8)
  A troll (D:9)
  A wyvern (D:9)
  Menkaure (D:6)
  2 orc warriors (D:8)
  A phantom (D:8)
  2 ice beasts
  4 ogres
  A centaur (D:5)
  3 wolves (D:9)
  5 bullfrogs
  5 killer bees (D:9)
  3 scorpions
  3 wights (D:9)
  An electric eel (D:9)
  A crimson imp (D:8)
  4 hounds (D:9)
  A centaur skeleton (D:4)
  Crazy Yiuf (D:6)
  3 orc priests (D:9)
  An iguana (D:4)
  An orc wizard (D:3)
  3 worker ants
  A howler monkey zombie (D:5)
  2 gnolls (D:5)
  2 river rats (Sewer)
  An ooze (D:5)
  A worm (D:2)
  13 orcs
  A bat (D:6)
  A giant cockroach (D:6)
  2 hobgoblins (D:5)
  A kobold (D:5)
  3 rats (Sewer)
78 creatures vanquished.

Vanquished Creatures (others)
  4 slaves (D:6)
  A crimson imp (D:6)
  2 ball pythons (D:6)
  A giant cockroach (D:6)
8 creatures vanquished.

Grand Total: 224 creatures vanquished

Notes
Turn   | Place    | Note
-------+----------+-------------------------------------------
     0 | D:1      | TheAlmogaver the Octopode Wizard began the quest for the
                  | Orb.
     0 | D:1      | Reached XP level 1. HP: 11/11 MP: 4/4
   271 | D:1      | Reached XP level 2. HP: 17/17 MP: 4/6
   718 | D:1      | Reached XP level 3. HP: 21/21 MP: 2/7
   722 | D:1      | Learned a level 2 spell: Blink
   725 | D:1      | Learned a level 2 spell: Call Imp
   729 | D:1      | Learned a level 3 spell: Conjure Flame
  1627 | D:2      | Reached XP level 4. HP: 27/27 MP: 0/9
  2792 | D:3      | Reached XP level 5. HP: 31/31 MP: 0/10
  2948 | D:3      | Found a bloodstained altar of Trog.
  3369 | D:3      | Noticed Jessica
  3380 | D:3      | Learned a level 3 spell: Mephitic Cloud
  3384 | D:3      | Killed Jessica
  3384 | D:3      | Reached skill level 5 in Stealth
  3704 | D:4      | Noticed an ogre
  3715 | D:4      | Killed an ogre
  3715 | D:4      | Reached XP level 6. HP: 36/36 MP: 1/12
  4401 | D:4      | Found a glowing silver altar of Zin.
  4892 | D:4      | Reached skill level 1 in Poison Magic
  5361 | D:5      | Entered Level 5 of the Dungeon
  5523 | D:5      | Reached XP level 7. HP: 23/41 MP: 14/14
  5524 | D:5      | Found an iron altar of Okawaru.
  5709 | D:5      | Reached skill level 1 in Air Magic
  5715 | D:5      | Found Momyamm's Magic Scroll Shoppe.
  5962 | D:5      | Reached skill level 5 in Spellcasting
  5968 | D:5      | Reached skill level 1 in Fire Magic
  6495 | D:6      | Found an ornate altar of the Wu Jian Council.
  6495 | D:6      | Noticed Prince Ribbit
  6520 | D:5      | Killed Prince Ribbit
  6520 | D:5      | Reached XP level 8. HP: 14/46 MP: 14/15
  6797 | D:6      | Found an ancient bone altar of Kikubaaqudgha.
  6867 | D:6      | Noticed Eustachio
  6867 | D:6      | Noticed Pikel
  6877 | D:6      | Killed Pikel
  6961 | D:6      | Found a radiant altar of Vehumet.
  6968 | D:6      | Became a worshipper of Vehumet
  6997 | D:6      | Found a glowing drain.
  7006 | Sewer    | Entered a sewer
  7071 | Sewer    | Reached skill level 5 in Conjurations
  7185 | Sewer    | Found a white marble altar of Elyvilon.
  7366 | D:6      | Noticed Menkaure
  7383 | D:6      | Killed Menkaure
  7383 | D:6      | Reached XP level 9. HP: 25/51 MP: 17/17
  7759 | D:6      | Found a runed translucent door.
  7760 | D:6      | Noticed Crazy Yiuf
  7774 | D:6      | Killed Crazy Yiuf
  7862 | D:6      | Killed Eustachio
  7996 | D:7      | Found a staircase to the Ecumenical Temple.
  8013 | Temple   | Entered the Ecumenical Temple
  8074 | D:7      | Learned a level 4 spell: Summon Lightning Spire
  8140 | D:7      | Found a radiant altar of Vehumet.
  9071 | D:8      | Noticed Joseph
  9104 | D:8      | Found an ornate altar of the Wu Jian Council.
  9117 | D:8      | Noticed Psyche
  9122 | D:8      | Killed Psyche
  9122 | D:8      | Reached skill level 1 in Fighting
  9141 | D:8      | Killed Joseph
  9267 | D:8      | Noticed a hornet
  9277 | D:8      | Killed a hornet
  9366 | D:8      | Reached * piety under Vehumet
  9366 | D:8      | Offered knowledge of Shock by Vehumet.
  9380 | D:8      | Found Guukh's Magic Scroll Shop.
  9911 | D:8      | Found a shadowy altar of Dithmenos.
  9967 | D:8      | Got a slimy flail
  9968 | D:8      | Identified the +1 flail "Erphezxaf" {venom, Str+6 Int+7}
                  | (You found it on level 8 of the Dungeon)
 10010 | D:8      | Found a sacrificial altar of Ru.
 10071 | D:8      | Found a snail-covered altar of Cheibriados.
 10397 | D:9      | Found a shimmering altar of Xom.
 10408 | D:9      | Found an opulent altar of Gozag.
 10449 | D:9      | Reached XP level 10. HP: 52/61 MP: 18/19
 10500 | D:9      | Reached skill level 5 in Summonings
 10511 | D:9      | Reached skill level 5 in Air Magic
 10589 | D:9      | Reached ** piety under Vehumet
 10607 | D:9      | Offered knowledge of Throw Frost by Vehumet.
 10904 | D:9      | Killed from afar by an electric eel

Skill      XL: |  1  2  3  4  5  6  7  8  9 10 |
---------------+-------------------------------+-----
Stealth        | 3 4 5 |  5.0
Conjurations   | 2 3 4 5 6 |  6.2
Spellcasting   | 4 5 6 |  6.7
Poison Magic   | 1 2 3 4 |  4.6
Air Magic      | 2 3 4 5 |  5.4
Summonings     | 2 3 4 5 |  5.2
Fire Magic     | 1 2 4 |  4.6
Dodging        | 3 |  3.9
Fighting       | 2 3 |  3.3
Translocations | |  1.0

Action                   |  1- 3 |  4- 6 |  7- 9 | 10-12 || total
-------------------------+-------+-------+-------+-------++-------
Melee: Unarmed           |     7 |       |       |       ||     7
       Tentacles         |     5 |     3 |     4 |     4 ||    16
       Constrict         |     5 |     4 |    12 |     3 ||    24
       Short sword       |     3 |       |       |       ||     3
       Dagger            |    15 |    33 |    36 |       ||    84
       Quarterstaff      |       |       |    26 |       ||    26
       Flail             |       |       |       |    15 ||    15
 Cast: Magic Dart        |    81 |   142 |   136 |    20 ||   379
       Call Imp          |     7 |    22 |    69 |    10 ||   108
       Blink             |       |     1 |     1 |       ||     2
       Mephitic Cloud    |       |     6 |    29 |     9 ||    44
       Summon Lightning  |       |       |    15 |    12 ||    27
       Conjure Flame     |       |       |     4 |     2 ||     6
Evoke: Wand              |       |       |     4 |       ||     4
  Use: Scroll            |       |     8 |     4 |       ||    12
       Potion            |       |     6 |       |       ||     6
 Stab: Confused          |       |       |     6 |       ||     6
  Eat: Chunk             |     2 |    11 |     2 |     2 ||    17
       Ration            |       |       |     5 |       ||     5
Armor: Skin              |       |     4 |    27 |     3 ||    34
Dodge: Dodged            |    17 |    36 |   104 |    30 ||   187
